 Dungeon Sprint DCSS version 0.30.1-4-g462c640d31 (webtiles) character file.

Game seed: 1228397796854122201

2582 Heoruswealwe the Brawler (level 9, -13/90 HPs)
             Began as a Troll Berserker on Aug 22, 2023.
             Was a High Priest of Trog.
             Shot with an arrow by a deep elf master archer (38 damage)
             ... in the Dungeon (Sprint II: "The Violet Keep of Menkaure").
             The game lasted 00:05:50 (407 turns).

Heoruswealwe the Brawler (Troll Berserker)           Turns: 407, Time: 00:05:50

Health: -13/90     AC:  3    Str: 31    XL:     9   Next: 32%
Magic:  8/8        EV: 12    Int:  3    God:    Trog [*****.]
Gold:   1215       SH:  0    Dex:  9    Spells: 8/8 levels left

rFire   . .          .
                       - Unarmed
rCold   . . .        (no shield)
rNeg    . . .        a - +0 animal skin
rPois   .            (helmet restricted)
rElec   .            (no cloak)
rCorr   .            (gloves unavailable)
SInv    .            (boots unavailable)
Will    .....        (no amulet)
Stlth   +            (no ring)
HPRegen 1.15/turn    (no ring)
MPRegen 0.11/turn

%: no teleportation, random rage (3%)
@: unable to drink
A: large, unfitting armour, claws 3, regeneration 1, shaggy fur 1, tough skin 1,
berserk 1, deformed body, frail 1, inability to drink after injury 1
a: Renounce Religion, Berserk, Trog's Hand, Brothers in Arms


You were in the Dungeon.
You worshipped Trog.
Trog was extremely pleased with you.
You visited 1 branch You collected 1215 gold pieces.

Inventory:

Armour
 a - a +0 animal skin (worn)
Scrolls
 c - a scroll of summoning {unknown}
 g - a scroll of blinking
Potions
 b - a potion of curing
 d - a potion of haste
 e - 2 potions of invisibility {unknown}
 f - a potion of berserk rage


   Skills:
 + Level 9.5 Fighting
 + Level 9.5 Dodging
 * Level 15.4 Unarmed Combat


You had 8 spell levels left.
You didn't know any spells.
Your spell library was empty.

Dungeon Overview and Level Annotations

Branches:
Dungeon (1/1)

Altars:
Cheibriados
Dithmenos
Elyvilon
Fedhas
Gozag
Hepliaklqana
Kikubaaqudgha
Makhleb
Ru
Sif Muna
Trog
Jiyva
Lugonu

Shops:
D =([*[[!(*

Annotations:
D exclusion: orange crystal statue


Innate Abilities, Weirdness & Mutations

You are too large for most types of armour.
You have claws for hands.
Your natural rate of healing is unusually fast.
You are covered in fur. (AC +1)
You have tough skin. (AC +1)
You sometimes lose your temper in combat.
Armour fits poorly on your strangely shaped body.
You are frail. (-10% HP)
You occasionally lose the ability to drink potions when taking damage.


Message History

You mangle the black bear!!
The black bear is almost dead.
You eviscerate the black bear!!!
You kill the black bear!
Trog accepts your kill.
You now have 1215 gold pieces (gained 81).
You see here a black bear corpse.
You start resting.
HP restored.
You see here a black bear corpse.
There is an open door, spattered with blood here.
You see here a black bear corpse.
The deep elf master archer shoots an arrow.
The arrow misses you. Why would you want to do that?
The deep elf master archer shoots an arrow.
The arrow closely misses you.
The deep elf master archer shoots an arrow.
The arrow hits you!!
You open the large door. 3 yaks, 2 spectral adders, 2 wyverns, a great orb of eyes and an ice dragon come into view.
The wyvern hisses angrily.
The yak bellows!
The wyvern hisses angrily.
The great orb of eyes turns its gaze towards you.
The ice dragon roars deafeningly!
The yak bellows!
The deep elf master archer shoots an arrow.
The arrow hits you!! The ice dragon breathes frost at you.
The blast of cold misses you.
The deep elf master archer shoots an arrow.
The arrow hits you!!
* * * LOW HITPOINT WARNING * * *
An iron elemental comes into view.
The yak bellows!
Found sixteen items.
The deep elf master archer shoots an arrow.
The arrow barely misses you.
The deep elf master archer shoots an arrow.
The arrow hits you!!!
You feel threatened and lose the ability to drink potions!
You die... #}|=:# ###!![[## #$..)$.!$ #Y.$..$E #YZ)Zl# ≈≈§ #Y.lD

§§≈8 ##''## §≈≈§
##≈.G.### ≈≈≈ #e≈.@...#
+++#+++#####..^.# ~~~.
.......#.††....# ~~~
#+##..#.†####.# ~~~
#.##.####..'^### ~~
##..#....#..#...# ~~###
#..####..#####..#
~##.###†###.##..#.(†^.#
~##..##.##.#.#..#..#^.#


You could see an iron elemental, an ice dragon (catching breath), a deep elf
master archer, a great orb of eyes, 2 spectral adders, 3 yaks and 2 wyverns.

Vanquished Creatures
  A death yak (D)
  A merfolk siren (D)
  2 unseen horrors (D)
  2 wyverns (D)
  4 neqoxecs (D)
  A water moccasin (D)
  3 black bears (D)
  2 worms (D)
16 creatures vanquished.

Notes
Turn   | Place    | Note
-------+----------+-------------------------------------------
     0 | D        | Heoruswealwe the Troll Berserker began the quest for the
                  | Orb.
     0 | D        | Reached XP level 1. HP: 22/22 MP: 0/0
    12 | D        | Reached skill level 4 in Unarmed Combat
    18 | D        | Noticed an orange crystal statue
    26 | D        | Noticed a merfolk siren
    37 | D        | Killed a merfolk siren
    37 | D        | Reached ** piety under Trog
    38 | D        | Reached skill level 9 in Unarmed Combat
    38 | D        | Reached XP level 2. HP: 26/36 MP: 1/1
    38 | D        | Reached XP level 3. HP: 31/44 MP: 2/2
    38 | D        | Reached XP level 4. HP: 37/52 MP: 3/3
    38 | D        | Reached XP level 5. HP: 42/59 MP: 4/4
    38 | D        | Reached XP level 6. HP: 48/67 MP: 5/5
    62 | D        | Noticed a flying skull
    62 | D        | Noticed a flying skull
    62 | D        | Noticed a flying skull
    62 | D        | Noticed a flying skull
    62 | D        | Noticed a flying skull
    62 | D        | Noticed a flying skull
    62 | D        | Noticed a flying skull
    62 | D        | Noticed a water moccasin
    62 | D        | Noticed a flying skull
    62 | D        | Noticed a flying skull
    63 | D        | Noticed a flying skull
    63 | D        | Noticed a flying skull
    64 | D        | Noticed a flying skull
    71 | D        | Killed a water moccasin
    72 | D        | Reached skill level 10 in Unarmed Combat
    82 | D        | Noticed a neqoxec
    82 | D        | Noticed a neqoxec
    82 | D        | Noticed a neqoxec
    82 | D        | Noticed a neqoxec
    85 | D        | Gained mutation: You sometimes lose your temper in combat.
                  | [a neqoxec]
    87 | D        | Killed a neqoxec
    88 | D        | Reached skill level 11 in Unarmed Combat
    88 | D        | Reached XP level 7. HP: 76/76 MP: 6/6
    89 | D        | Lost intelligence.
    93 | D        | Gained mutation: You occasionally lose the ability to drink
                  | potions when taking damage. [a neqoxec]
    94 | D        | Gained mutation: You are frail. (-10% HP) [a neqoxec]
    98 | D        | Killed a neqoxec
    98 | D        | Reached *** piety under Trog
   102 | D        | Killed a neqoxec
   103 | D        | Reached skill level 12 in Unarmed Combat
   103 | D        | Gained mutation: Armour fits poorly on your strangely
                  | shaped body. [a neqoxec]
   106 | D        | Killed a neqoxec
   132 | D        | Found Mixuthup's Assorted Antiques.
   132 | D        | Found Nuegrudi's Distillery.
   132 | D        | Found Juofiruiti's Antique Weapon Emporium.
   132 | D        | Found Nacim's Antique Armour Shoppe.
   132 | D        | Found Kyavuig's Armour Shoppe.
   133 | D        | Found Gumo Zao's Assorted Antiques.
   133 | D        | Found Maong's Antique Armour Emporium.
   134 | D        | Found Tyte's Weapon Shoppe.
   134 | D        | Found Imiyjamo's Jewellery Emporium.
   134 | D        | Noticed a slime creature
   144 | D        | Noticed a wyvern
   144 | D        | Noticed a wyvern
   149 | D        | Killed a wyvern
   149 | D        | Reached **** piety under Trog
   150 | D        | Reached XP level 8. HP: 49/79 MP: 7/7
   152 | D        | Reached skill level 13 in Unarmed Combat
   201 | D        | Found a blossoming altar of Fedhas.
   202 | D        | Found a white marble altar of Elyvilon.
   203 | D        | Found a shadowy altar of Dithmenos.
   203 | D        | Found a corrupted altar of Lugonu.
   203 | D        | Found an opulent altar of Gozag.
   203 | D        | Found a burning altar of Makhleb.
   204 | D        | Found a snail-covered altar of Cheibriados.
   204 | D        | Found an ancient bone altar of Kikubaaqudgha.
   204 | D        | Found a bloodstained altar of Trog.
   205 | D        | Found a viscous altar of Jiyva.
   205 | D        | Found a shimmering blue altar of Sif Muna.
   206 | D        | Found a hazy altar of Hepliaklqana.
   206 | D        | Found a sacrificial altar of Ru.
   224 | D        | Noticed a death yak
   231 | D        | Killed a death yak
   232 | D        | Reached skill level 14 in Unarmed Combat
   291 | D        | Killed an unseen horror
   292 | D        | Reached XP level 9. HP: 27/88 MP: 8/8
   299 | D        | Killed an unseen horror
   300 | D        | Reached skill level 15 in Unarmed Combat
   350 | D        | Noticed a deep elf master archer
   355 | D        | Reached ***** piety under Trog
   406 | D        | Noticed a great orb of eyes
   406 | D        | Noticed an ice dragon
   406 | D        | Noticed an iron elemental
   407 | D        | Shot with an arrow by a deep elf master archer

Illustrated notes

Levels and vault maps discovered:
D:        the_violet_keep_of_menkaure [sprint2_stairs_cluster_1,
          sprint2_shoproom, sprint2_temple, sprint2_basic_supplies,
          sprint2_obstacle_1, sprint2_obstacle_3, sprint2_obstacle_4,
          sprint2_obstacle_2, sprint2_obstacle_5, sprint2_timed_cluster_1,
          sprint2_smallroom_cluster_1, sprint2_smallroom_final_cluster_1,
          sprint2_transparent_cluster_1, sprint2_second_timed_cluster_1,
          sprint2_sniper_area_1, sprint2_heavy_combat_area_1,
          sprint2_mutation_trap_area_1, sprint2_forest_area_1,
          sprint2_light_combat_area_1, sprint2_behind_water_1,
          sprint2_near_end_vault_1]

Skill      XL: |  1  2  3  4  5  6  7  8  9 |
---------------+----------------------------+-----
Unarmed Combat | 9 11 12 14 15 | 15.4
Fighting       | 6 7 9 |  9.5
Dodging        | 6 7 9 |  9.5

Action                     |  1- 3 |  4- 6 |  7- 9 || total
---------------------------+-------+-------+-------++-------
  Melee: Unarmed           |    17 |    11 |    40 ||    68
         Punch             |     2 |       |     2 ||     4
    Use: Potion            |       |       |     1 ||     1
 Armour: Animal skin       |     1 |     2 |     5 ||     8
  Dodge: Dodged            |     2 |     2 |    22 ||    26
